 Dungeon Crawl Stone Soup version 0.17-a0-1945-gfe993df (webtiles) character file.

7 ololoev the Skirmisher (level 1, -7/16 HPs)
             Began as a High Elf Fighter on Sept 30, 2015.
             Killed from afar by Sigmund (14 damage)
             ... with a wand of flame
             ... on level 2 of the Dungeon.
             The game lasted 00:00:54 (132 turns).

ololoev the Skirmisher (High Elf Fighter)            Turns: 132, Time: 00:00:55

Health: -7/16      AC:  6    Str: 15    XL:     1   Next: 91%
Magic:  2/2        EV:  6    Int: 11    God:
Gold:   26         SH:  8    Dex: 14    Spells: 0 memorised, 0 levels left

rFire  . . .     SeeInvis .     a - +0 long sword
rCold  . . .     Clarity  .     b - +0 scale mail
rNeg   . . .     SustAt   .     c - +0 shield
rPois  .         Gourm    .     (no helmet)
rElec  .         Spirit   .     (no cloak)
rCorr  .         Warding  .     (no gloves)
rMut   .         Stasis   .     (no boots)
MR     .....                    (no amulet)
Stlth  ..........               (no ring)
                                (no ring)

@: not resistant to hostile enchantments, extremely unstealthy
A: no striking features
a: no special abilities

Inventory:

Hand weapons
 a - a +0 long sword (weapon)
Missiles
 f - 3 javelins
 g - a throwing net (quivered)
Armour
 b - a +0 scale mail (worn)
 c - a +0 shield (worn)
 i - a +2 cloak
Potions
 d - a potion of might
 h - a potion of poison {unknown}
Comestibles
 e - a bread ration


   Skills:
 + Level 3.1 Fighting
 * Level 2.9 Long Blades
 + Level 2.8 Armour
 - Level 2.6 Shields


You couldn't memorise any spells.
You didn't know any spells.


You were on level 2 of the Dungeon.
You were not hungry.

You visited 1 branch of the dungeon, and saw 2 of its levels.

You collected 26 gold pieces.

#. #. .#.# ## #. #.#..
... #. ######.#.#
...##.########.........
..............#.........
....##...####.#.........
...@...@....#.#.........
.........##.#.#.........
.......#.# #.#.........
#.#....#.# #w#.........
. #..#.#.# #<.......#.#
#....>.................
#.. #...##.............
#.. .. ..w.#########...
#.### #####.†.

Notes
Turn   | Place    | Note
--------------------------------------------------------------
     0 | D:1      | ololoev the High Elf Fighter began the quest for the Orb.
     0 | D:1      | Reached XP level 1. HP: 16/16 MP: 2/2
   129 | D:2      | Noticed Sigmund
   132 | D:2      | Killed from afar by Sigmund

Dungeon Overview and Level Annotations

Branches:
Dungeon (2/15)

Altars:

Annotations:
D:2 Sigmund


Message History

Found 13 gold pieces.
There is a stone staircase leading up here.
You now have 26 gold pieces (gained 13).
Found 2 throwing nets and a sapphire potion.
You see here 2 throwing nets.
g - 2 throwing nets
h - a sapphire potion A rat comes into view.
Your shield and scale mail prevent you from hitting the rat.
The rat barely misses you. The rat bites you but does no damage.
You barely miss the rat. The rat bites you.
You hit the rat.
You kill the rat!
A ball python comes into view.
You closely miss the ball python. The ball python bites you.
The ball python grabs you. The ball python constricts you.
You slash the ball python!
You kill the ball python!
No target in view!
You see here a ball python corpse.
Found a stone staircase leading up.
A worm comes into view.
Found a glowing cloak.
Found a stone staircase leading down.
There is a stone staircase leading up here.
You see here a glowing cloak.
i - a glowing cloak Sigmund the Dreaded comes into view.
He is wielding a scythe.
Sigmund shouts!
Sigmund zaps a wand.
The puff of flame hits you!
It is a wand of flame.
Quiver which item? (- for none, * to show all) (? for menu, Esc to quit)
Quivering
g - 2 throwing nets for throwing.
Throwing (i - inventory. (,) - cycle):
g - 2 throwing nets (quivered)
Press: ? - help, Shift-Dir - straight line, f - Sigmund
Aim: Sigmund, wielding a scythe, wearing a robe and carrying a wand of flame {zapped: 1} You throw a throwing net.
The throwing net hits Sigmund.
Sigmund is caught in the net!
Sigmund struggles against the net.
Sigmund zaps a wand.
The puff of flame hits you!
Ouch! That really hurt!
You die...

You could see Sigmund (caught).

Vanquished Creatures
  A ball python (D:2)
  A bat (D:1)
  A goblin (D:1)
  A hobgoblin (D:1)
  A kobold (D:1)
  A rat (D:2)
6 creatures vanquished.

Action                   || total
-------------------------++-------
Melee: Long sword        ||    17
Throw: Throwing net      ||     1

Vault maps used:
D:1:      lightli_arrival_lavapool
D:2:      uniq_sigmund
